 Dungeon Sprint DCSS version 0.22.1-1-ga44c0e56f4 (webtiles) character file.

474 Freyura the Covert (level 6, -1/53 HPs)
             Began as a Vampire Assassin on Oct 5, 2018.
             Was an Initiate of Makhleb.
             Slain by a yak (7 damage)
             ... in the Dungeon (Sprint I: "Red Sonja").
             The game lasted 00:02:38 (120 turns).

Freyura the Covert (Vampire Assassin)                Turns: 120, Time: 00:02:39

Health: -1/53      AC:  3    Str: 10    XL:     6   Next: 84%
Magic:  6/6        EV: 18    Int: 13    God:    Makhleb [......]
Gold:   162        SH:  0    Dex: 18    Spells: 5/5 levels left

rFire    . . .     SeeInvis +   a - +2 dagger
rCold    . . .     Gourm    .   (no shield)
rNeg     + . .     Faith    .   c - +0 robe
rPois    .         Spirit   .   (no helmet)
rElec    .         Reflect  .   d - +0 cloak
rCorr    .         Harm     .   (no gloves)
MR       .....     NoTele   +   (no boots)
Stlth    +++++.....             (no amulet)
HPRegen  0.17/turn              (no ring)
MPRegen  0.10/turn              (no ring)

@: no status effects
A: fangs 3, see invisible, unbreathing
a: Bat Form, Renounce Religion


You were in the Dungeon.
You worshipped Makhleb.
Makhleb was noncommittal.
You were not thirsty.

You visited 1 branch You collected 162 gold pieces.

Inventory:

Hand Weapons
 a - a +2 dagger (weapon)
 b - a +0 blowgun
Missiles
 e - 8 poisoned needles
 f - 2 curare-tipped needles
Armour
 c - a +0 robe (worn)
 d - a +0 cloak (worn)
Wands
 n - a wand of polymorph (18)
 p - a wand of flame (24)
Scrolls
 m - a scroll of blinking
 q - a scroll of identify {unknown}
Potions
 g - a potion of blood
 h - a potion of curing
 i - a potion of heal wounds
 j - 2 potions of haste
 k - 2 potions of magic
 l - a potion of lignification {unknown}
 o - a potion of resistance {unknown}


   Skills:
 + Level 6.9 Fighting
 + Level 8.4 Short Blades
 - Level 1.5 Throwing
 + Level 8.1 Dodging
 + Level 12.4 Stealth


You had 5 spell levels left.
You didn't know any spells.
Your spell library was empty.

Dungeon Overview and Level Annotations

Branches:
Dungeon (1/1)

Altars:
Cheibriados
Dithmenos
Elyvilon
Fedhas
Gozag
Hepliaklqana
Kikubaaqudgha
Makhleb
Okawaru
Qazlal
Ru
Sif Muna
Trog
Uskayaw
Vehumet
Wu Jian
Xom
Yredelemnul
Zin
The Shining One
Jiyva
Lugonu

Shops:
D [


Innate Abilities, Weirdness & Mutations

You have razor-sharp teeth.
You have supernaturally acute eyesight. (SInv)
You can survive without breathing.


Message History

The yak is moderately wounded.
The yak barely misses you.
You barely miss the yak. Your bite misses the yak.
The yak is moderately wounded.
The yak barely misses you.
You hit the yak but do no damage.
The yak is moderately wounded.
You hit the yak.
The yak is moderately wounded.
The yak closely misses you.
You puncture the yak!
The yak is heavily wounded.
You hit the yak.
The yak is heavily wounded.
The yak gores you!
* * * LOW HITPOINT WARNING * * *
You hit the yak but do no damage.
The yak is heavily wounded.
The yak gores you!
You die...

###################
#<.#.['..#.)'..#__#
#..'..#.)'..#..'^.+
#..#####'#####'#__#
#..# #..# #.####
#..#__#### ##.#
#..#_____##+#_.+
#⌠⌠#_.∩..Y@..._#
####_..__##_.#'#
#____ ##+#)# ####
###


You could see a yak.

Vanquished Creatures
  A slime creature (D)
  Sigmund (D)
  An ogre (D)
  A jelly (D)
  Ijyb (D)
5 creatures vanquished.

Notes
Turn   | Place    | Note
-------+----------+-------------------------------------------
     0 | D        | Freyura the Vampire Assassin began the quest for the Orb.
     0 | D        | Reached XP level 1. HP: 16/16 MP: 1/1
     1 | D        | Noticed Ijyb
     4 | D        | Killed Ijyb
     4 | D        | Reached skill level 7 in Stealth
     4 | D        | Reached XP level 2. HP: 24/24 MP: 2/2
     7 | D        | Noticed an ogre
    10 | D        | Killed an ogre
    10 | D        | Reached skill level 5 in Short Blades
    10 | D        | Reached skill level 5 in Dodging
    10 | D        | Reached skill level 9 in Stealth
    10 | D        | Reached XP level 3. HP: 31/31 MP: 3/3
    10 | D        | Reached XP level 4. HP: 38/38 MP: 4/4
    12 | D        | Noticed Sigmund
    15 | D        | Killed Sigmund
    15 | D        | Reached skill level 5 in Fighting
    15 | D        | Reached skill level 11 in Stealth
    15 | D        | Reached XP level 5. HP: 46/46 MP: 5/5
    15 | D        | Reached XP level 6. HP: 52/52 MP: 6/6
    38 | D        | Found a burning altar of Makhleb.
    38 | D        | Found a viscous altar of Jiyva.
    38 | D        | Found a shimmering altar of Xom.
    38 | D        | Found a corrupted altar of Lugonu.
    38 | D        | Noticed a slime creature
    49 | D        | Killed a slime creature
    49 | D        | Reached skill level 12 in Stealth
    55 | D        | Became a worshipper of Makhleb the Destroyer
    57 | D        | Found an ornate altar of the Wu Jian Council.
    57 | D        | Found a deep blue altar of Sif Muna.
    59 | D        | Found a radiant altar of Vehumet.
   100 | D        | Found Piw Atuo's Antique Armour Emporium.
   100 | D        | Found an ancient bone altar of Kikubaaqudgha.
   100 | D        | Found a hazy altar of Hepliaklqana.
   100 | D        | Found a stormy altar of Qazlal.
   100 | D        | Found a hide-covered altar of Uskayaw.
   100 | D        | Found a blossoming altar of Fedhas.
   100 | D        | Found a bloodstained altar of Trog.
   100 | D        | Found an iron altar of Okawaru.
   100 | D        | Found a basalt altar of Yredelemnul.
   100 | D        | Found a glowing golden altar of the Shining One.
   100 | D        | Found a snail-covered altar of Cheibriados.
   100 | D        | Found a sacrificial altar of Ru.
   100 | D        | Found a glowing silver altar of Zin.
   100 | D        | Found a shadowy altar of Dithmenos.
   100 | D        | Found a white marble altar of Elyvilon.
   100 | D        | Noticed a yak
   101 | D        | Found an opulent altar of Gozag.
   120 | D        | Slain by a yak

Skill      XL: |  1  2  3  4  5  6 |
---------------+-------------------+-----
Fighting       | 3 4 5 6 |  6.9
Short Blades   | 3 5 7 8 |  8.4
Dodging        | 3 5 6 8 |  8.1
Stealth        | 7 9 11 12 | 12.4
Throwing       | |  1.5

Action                   |  1- 3 |  4- 6 || total
-------------------------+-------+-------++-------
Melee: Dagger            |     2 |    31 ||    33
       Bite              |       |     2 ||     2
  Use: Potion            |       |     1 ||     1
 Stab: Sleeping          |     2 |     2 ||     4
Dodge: Dodged            |       |     7 ||     7
